 Dungeon Crawl Stone Soup version 0.29.1-15-g9cfb28693d (webtiles) character file.

Game seed: 7053797153465923236

10290 ChiefBigBeans the Fighter (level 11, -4/101 HPs)
             Began as a Minotaur Hunter on Feb 24, 2023.
             Was an Initiate of Gozag.
             Slain by an eight-headed hydra (9 damage)
             ... while paralysed
             ... on level 10 of the Dungeon.
             The game lasted 00:43:02 (10381 turns).

ChiefBigBeans the Fighter (Minotaur Hunter)        Turns: 10381, Time: 00:43:02

Health: -4/101     AC: 20    Str: 19      XL:     11   Next: 34%
Magic:  10/10      EV:  2    Int: -2 (5)  God:    Gozag
Gold:   1353       SH:  0    Dex: 13 (18) Spells: 10/10 levels left

rFire   . . .      SeeInvis +   F - +5 whip of Discord {venom, rC+ Str+3 Int-5 Stlth+}
rCold   + . .      Faith    .   (no shield)
rNeg    . . .      Spirit   .   e - +3 ring mail
rPois   .          Reflect  .   (helmet restricted)
rElec   .          Harm     .   (no cloak)
rCorr   .          Rampage  .   r - +0 pair of gloves
Will    .....                   v - +2 pair of boots {Stlth+}
Stlth   ++++......              n - amulet of magic regeneration
HPRegen 0.26/turn               C - +4 ring of slaying
MPRegen 0.52/turn               A - +4 ring of protection

@: paralysed, brilliant, gold aura, slowed, lost intelligence, unable to read
A: horns 2, retaliatory headbutt, thin skeletal structure 1, see invisible,
clever 1, shaggy fur 1
a: Renounce Religion, Potion Petition, Call Merchant, Bribe Branch


You were on level 10 of the Dungeon.
You worshipped Gozag.
Gozag was most pleased with you.
You visited 2 branches of the dungeon, and saw 11 of its levels.

You collected 1440 gold pieces.
You paid 87 gold pieces to Gozag.

Inventory:

Hand Weapons
 a - a +2 shortbow of venom
 g - a +0 arbalest of flaming
 F - the +5 whip of Discord (weapon) {venom, rC+ Str+3 Int-5 Stlth+}
   (You found it on level 5 of the Dungeon)

   It poisons the flesh of those it strikes.
   Str:       It affects your strength (+3).
   Int:       It affects your intelligence (-5).
   rC:        It protects you from cold.
   Stlth:     It makes you more stealthy.
Armour
 e - a +3 ring mail (worn)
 r - a +0 pair of gloves (worn)
 v - a +2 pair of boots of stealth (worn)
 J - +0 steam dragon scales
Jewellery
 n - an amulet of magic regeneration (around neck)
 A - a +4 ring of protection (right hand)
 C - a +4 ring of slaying (left hand)
Wands
 s - a wand of flame (6)
 G - a wand of polymorph (7)
 I - a wand of charming (12)
Scrolls
 b - a scroll of magic mapping
 c - a scroll of brand weapon
 d - 3 scrolls of identify
 m - a scroll of teleportation
 o - 2 scrolls of amnesia
 p - a scroll of butterflies
Potions
 f - 3 potions of might
 h - 5 potions of degeneration
 j - 2 potions of flight
 l - 3 potions of mutation
 q - a potion of brilliance
 t - a potion of ambrosia
 x - a potion of haste
Miscellaneous
 i - a phantom mirror


   Skills:
 + Level 10.4 Fighting
 - Level 0.1(1.7) Short Blades
 - Level 3.2 Long Blades
 - Level 1.4(5.9) Axes
 + Level 9.2 Maces & Flails
 + Level 10.2 Ranged Weapons
 + Level 10.0 Armour
 + Level 7.3 Dodging
 - Level 0.7 Stealth


You had 10 spell levels left.
You didn't know any spells.
Your spell library contained the following spells:

 Spells                   Type           Power      Damage    Failure   Level
 Magic Dart               Conj           0%         1d3       75%         1
 Sting                    Tmut/Pois      0%         1d3       75%         1
 Call Imp                 Summ           0%         N/A       87%         2
 Poisonous Vapours        Pois/Air       0%         N/A       87%         2
 Ignite Poison            Fire/Tmut/Pois 0%         N/A       98%         3
 Mephitic Cloud           Conj/Pois/Air  0%         N/A       98%         3
 Portal Projectile        Hex/Tloc       0%         N/A       98%         3
 Tukima's Dance           Hex            0%         N/A       98%         3
 Olgreb's Toxic Radiance  Pois           0%         N/A       100%        4
 Blade Hands              Tmut           0%         N/A       100%        5
 Freezing Cloud           Conj/Ice/Air   0%         6-21      100%        5


Dungeon Overview and Level Annotations

Branches:
Dungeon (10/15)            Temple (1/1) D:5
   Lair: D:8-11         Orc: D:9-12

Altars:
Ashenzari
Cheibriados
Dithmenos
Elyvilon
Fedhas
Gozag
Kikubaaqudgha
Makhleb
Nemelex Xobeh
Okawaru
Qazlal
Ru
Sif Muna
Trog
Uskayaw
Vehumet
Wu Jian
Xom
Yredelemnul
Zin
The Shining One


Innate Abilities, Weirdness & Mutations

You have a pair of horns on your head.
You reflexively headbutt those who attack you in melee.
You have a somewhat thin skeletal structure. (Dex +2, Stealth+)
You have supernaturally acute eyesight. (SInv)
Your mind is acute. (Int +4, Str/Dex -1)
You are covered in fur. (AC +1)


Message History

The eight-headed hydra attacks as you move away!
The eight-headed hydra bites you but does no damage.
The eight-headed hydra closely misses you.
The eight-headed hydra bites you but does no damage.
The eight-headed hydra misses you.
The eight-headed hydra closely misses you.
The eight-headed hydra bites you but does no damage. x3
The centaur shoots an arrow.
The arrow hits you but does no damage.
The centaur is distracted by your dazzling golden aura.
You feel clever all of a sudden.
The centaur is no longer distracted by gold.
The centaur shoots an arrow.
The arrow hits you! The eight-headed hydra misses you. You furiously retaliate!
You headbutt the eight-headed hydra!
The eight-headed hydra bites you but does no damage.
The eight-headed hydra barely misses you.
The eight-headed hydra bites you but does no damage. x2
The eight-headed hydra barely misses you.
The eight-headed hydra bites you!
* * * LOW HITPOINT WARNING * * *
The eight-headed hydra misses you.
Wielding this item will reduce your intelligence to zero or below.
Continue?
Your +0 arbalest of flaming stops flaming.
You feel stronger.
You feel stupid.
You have lost your intelligence.
The +5 whip of Discord {venom, rC+ Str+3 Int-5 Stlth+} begins to drip with poison!
F - the +5 whip of Discord (weapon)
{venom, rC+ Str+3 Int-5 Stlth+} The centaur shoots an arrow.
The arrow hits you but does no damage.
The centaur shoots an arrow.
The arrow hits you but does no damage.
The eight-headed hydra is distracted by your dazzling golden aura.
The eight-headed hydra is no longer distracted by gold.
The eight-headed hydra bites you!
* * * LOW HITPOINT WARNING * * *
The eight-headed hydra bites you.
* * * LOW HITPOINT WARNING * * *
The eight-headed hydra bites you!
* * * LOW HITPOINT WARNING * * *
The eight-headed hydra bites you!
You die...
Your body crumbles into a pile of gold.

####### .....### ##..###
.....###### ....#..
#........# .#..#.###
..#.<......#
.#..#.#....c######.#.......##
....#.#.# #.....#.#..###..#
....#.#.# ####@#.#...## .#
....#.#.# .$#D#.#....#
....#.#.# #.#.#.#....+
..)#.#.#.# $#.#.#.#....#
##.#.#D#.# $ #.#.#...###
##.#.#c#.. #.#.#...# .
...#.#.####.$.#.#.#...# ..
...#.#$$...####.#.#...# ..
#..#.######.....#.#...# .#


You could see an eight-headed hydra and a centaur.

Vanquished Creatures
  A hydra (D:10)
  A centaur warrior (D:10)
  Erica (D:9)
  The ghost of 0gre the Frost Mage, a novice GnIE of Vehumet (D:10)
  A spectral centaur (D:9)
  5 gargoyles (D:8)
  An unseen horror (D:10)
  A kobold demonologist (D:10)
  Maggie (D:7)
  A spectral meliai (D:9)
  A centaur simulacrum (D:9)
  A shadow (D:8)
  2 wyverns (D:9)
  4 yaks (D:10)
  2 water moccasins (D:6)
  A meliai simulacrum (D:9)
  An orc warrior (D:8)
  An ice beast (D:7)
  A black bear (D:5)
  5 centaurs
  3 phantoms
  A kobold brigand (D:9)
  2 gnoll sergeants (D:7)
  A necrophage (D:4)
  7 bullfrogs
  3 scorpions
  15 wights
  3 killer bees (D:10)
  5 howler monkeys
  6 electric eels (D:7)
  A jelly (D:6)
  4 hounds
  An orc priest (D:3)
  2 iguanas
  3 orc wizards
  2 boggart simulacra (D:9)
  7 gnolls (D:7)
  5 adders
  A shadow imp (D:7)
  2 white imps (D:6)
  2 ufetubi (D:5)
  2 worms
  3 dart slugs
  32 orcs
  5 endoplasms
  4 giant cockroaches (D:2)
  9 goblins
  14 hobgoblins
  2 jackals (D:1)
  11 kobolds
  3 quokkas
  7 ball pythons
  6 bats
  3 frilled lizards
  3 rats
213 creatures vanquished.

Vanquished Creatures (others)
  5 plants (D:7)
5 creatures vanquished.

Grand Total: 218 creatures vanquished

Notes
Turn   | Place    | Note
-------+----------+-------------------------------------------
     0 | D:1      | ChiefBigBeans the Minotaur Hunter began the quest for the
                  | Orb.
     0 | D:1      | Reached XP level 1. HP: 18/18 MP: 0/0
   223 | D:1      | Reached XP level 2. HP: 25/25 MP: 1/1
   234 | D:1      | Reached skill level 1 in Axes
   239 | D:1      | Reached skill level 1 in Armour
   941 | D:2      | Reached XP level 3. HP: 30/30 MP: 2/2
  1594 | D:3      | Found a bloodstained altar of Trog.
  1743 | D:3      | Reached XP level 4. HP: 38/38 MP: 3/3
  1777 | D:3      | Reached skill level 1 in Long Blades
  1777 | D:3      | Reached skill level 5 in Ranged Weapons
  1887 | D:3      | Found an ornate altar of the Wu Jian Council.
  2020 | D:3      | Reached XP level 5. HP: 46/46 MP: 4/4
  2717 | D:4      | Reached XP level 6. HP: 52/53 MP: 5/5
  3062 | D:5      | Entered Level 5 of the Dungeon
  3073 | D:5      | Identified the +5 whip of Discord {venom, rC+ Str+3 Int-5
                  | Stlth+}
  3226 | D:5      | Reached skill level 1 in Maces & Flails
  3468 | D:5      | Reached skill level 5 in Fighting
  3468 | D:5      | Reached XP level 7. HP: 35/61 MP: 6/6
  3851 | D:5      | Found a staircase to the Ecumenical Temple.
  3944 | Temple   | Entered the Ecumenical Temple
  4145 | Temple   | Became a worshipper of Cheibriados the Contemplative
  4177 | Temple   | Fell from the grace of Cheibriados
  4177 | Temple   | Became a worshipper of Gozag Ym Sagoz the Greedy
  4475 | D:6      | Reached skill level 5 in Armour
  4520 | D:6      | Reached XP level 8. HP: 70/70 MP: 7/7
  5455 | D:7      | Found a burning altar of Makhleb.
  5579 | D:7      | Reached skill level 5 in Maces & Flails
  5770 | D:7      | Noticed Maggie
  5779 | D:7      | Lost intelligence.
  5784 | D:7      | Killed Maggie
  5785 | D:7      | Reached XP level 9. HP: 71/79 MP: 8/8
  5831 | D:7      | Gained mutation: Your mind is acute. (Int +4, Str/Dex -1)
                  | [potion of mutation]
  5831 | D:7      | Gained mutation: You have supernaturally acute eyesight.
                  | (SInv) [potion of mutation]
  5831 | D:7      | Gained mutation: You are covered in fur. (AC +1) [potion of
                  | mutation]
  5831 | D:7      | Gained mutation: You have a somewhat thin skeletal
                  | structure. (Dex +2, Stealth+) [potion of mutation]
  7156 | D:8      | Found a sacrificial altar of Ru.
  7468 | D:9      | Found a broken altar of Ashenzari.
  7473 | D:9      | Noticed Erica
  7487 | D:9      | Killed Erica
  7493 | D:9      | Reached skill level 5 in Dodging
  7493 | D:9      | Reached XP level 10. HP: 47/90 MP: 9/9
  7863 | D:8      | Found a shimmering blue altar of Sif Muna.
  7888 | D:8      | Found a white marble altar of Elyvilon.
  7888 | D:8      | Found a glowing silver altar of Zin.
  7925 | D:8      | Noticed a gargoyle
  7935 | D:8      | Killed a gargoyle
  8126 | D:8      | Noticed a gargoyle
  8145 | D:8      | Killed a gargoyle
  8151 | D:8      | Noticed a gargoyle
  8155 | D:8      | Killed a gargoyle
  8270 | D:8      | Noticed a gargoyle
  8283 | D:8      | Killed a gargoyle
  8298 | D:8      | Noticed a gargoyle
  8306 | D:8      | Killed a gargoyle
  8956 | D:9      | Found a runed translucent gate.
  8956 | D:9      | Found a runed translucent gate.
  8959 | D:9      | Found a runed translucent gate.
  8961 | D:9      | Noticed a spectral centaur warrior
  8962 | D:9      | Noticed 0gre's ghost (novice GnIE)
  9163 | D:9      | Lost intelligence.
  9316 | D:10     | Entered Level 10 of the Dungeon
  9317 | D:10     | Lost intelligence.
  9346 | D:10     | Killed 0gre's ghost
  9547 | D:10     | Was forgiven by Cheibriados
  9761 | D:9      | Killed a spectral centaur warrior
  9802 | D:9      | Reached skill level 10 in Fighting
  9802 | D:9      | Reached XP level 11. HP: 84/96 MP: 10/10
 10218 | D:10     | Reached skill level 10 in Ranged Weapons
 10295 | D:10     | Found a blossoming altar of Fedhas.
 10337 | D:10     | Noticed a centaur warrior
 10341 | D:10     | Noticed a seven-headed hydra
 10342 | D:10     | Killed a centaur warrior
 10348 | D:10     | Killed a seven-headed hydra
 10348 | D:10     | Noticed an eight-headed hydra
 10349 | D:10     | Reached skill level 10 in Armour
 10379 | D:10     | Lost intelligence.
 10381 | D:10     | HP: 5/101 [eight-headed hydra (8)]
 10381 | D:10     | Slain by an eight-headed hydra

Illustrated notes

Levels and vault maps discovered:
D:1:      arrival_zaba_pyramid, layout_basic, chequers_jeans, st_stairs_2
D:2:      layout_basic
D:3:      layout_loops_ring, lemuel_tele_altar,
          nicolae_wu_jian_immortal_techniques, feat_on_display
D:4:      corexii_shack_village, layout_basic
D:5:      layout_loops_cross, minmay_temple_entry_statues_pillars
D:6:      layout_basic, solitary_fountain, minmay_door_square,
          minmay_crystal_room
D:7:      cheibrodos_two_vegetables, layout_basic, kennysheep_mini, uniq_maggie
D:8:      cheibrodos_statue_roulette, layout_rooms, grunt_temple_overflow_open
D:9:      layout_rooms, evilmike_ruin_ashenzari, gammafunk_ghost_necromancy,
          uniq_erica
D:10:     minmay_distorted_concentric_squares, layout_gridville, fedhas_altar_3,
          kennysheep_mini_moat, orc_0_dummy
Temple:   hellmonk_temple_forest_ring

Skill      XL: |  1  2  3  4  5  6  7  8  9 10 11 |
---------------+----------------------------------+-----
Axes           | 1 |  1.4
Armour         | 1 2 3 4 5 6 8 9 10 | 10.0
Fighting       | 3 4 5 7 8 10 | 10.4
Long Blades    | 1 2 3 |  3.2
Ranged Weapons | 5 6 7 8 9 10 | 10.2
Maces & Flails | 1 3 5 7 8 9 |  9.2
Dodging        | 5 6 7 |  7.3
Short Blades   | |  0.1
Stealth        | |  0.7

Action                   |  1- 3 |  4- 6 |  7- 9 | 10-12 || total
-------------------------+-------+-------+-------+-------++-------
Melee: Whip              |       |    12 |    39 |   106 ||   157
       Headbutt          |       |     3 |    10 |    31 ||    44
 Fire: Shortbow          |   121 |   160 |   241 |    51 ||   573
       Arbalest          |       |       |       |    49 ||    49
  Use: Scroll            |       |       |    17 |     4 ||    21
       Potion            |       |       |     7 |    11 ||    18
 Stab: Sleeping          |       |       |       |     3 ||     3
Armor: Leather armour    |    10 |       |       |       ||    10
       Scale mail        |    11 |    75 |    38 |       ||   124
       Steam dragon scal |       |       |    32 |     8 ||    40
       Ring mail         |       |       |       |   162 ||   162
Dodge: Dodged            |    39 |    57 |    98 |   162 ||   356
